AoeStats
← Nougatspeier

Golden Pit

507341308Analyzed
1v1 RM · 16d ago on Sep 17, 2026· 43m 21s· 2 players
Game mode
Random Map
Map size
Tiny (2 player)
Population
200
Speed
Normal
Resources
Standard
Victory
Conquest
Starting age
Dark Age
Ending age
Imperial Age
RankedLock teamsTeams togetherTeam positionsShared explorationLock speedFull tech treeHidden civsTurbo modeCheats
Victory
Defeat
🇳🇿 Malians · New Zealand
1091
+15
🇩🇪 Goths · Germany
1075
-15
Nougatspeier
10:38 Feudal Age
9:41 Loom
11:04 Man-at-Arms
18:59 Castle Age
19:47 Horse Collar
20:37 Forging
30:56 Double-Bit Axe
31:12 Heavy Plow
31:42 Scale Mail Armor
31:59 Long Swordsman
34:18 Wheelbarrow
35:52 Chain Mail Armor
36:13 Iron Casting
35:56 Hand Cart
44:04 Imperial Age
TepidDrake48
7:08 Loom
9:30 Feudal Age
10:20 Double-Bit Axe
10:35 Horse Collar
10:47 Gold Mining
13:29 Fletching
16:05 Man-at-Arms
17:42 Wheelbarrow
18:14 Arson
18:35 Scale Mail Armor
19:11 Forging
22:47 Castle Age
23:49 Hand Cart
23:39 Pikeman
24:41 Bow Saw
25:09 Gold Shaft Mining
25:02 Squires
29:27 Chain Mail Armor
29:05 Long Swordsman
30:09 Town Watch
32:09 Iron Casting
38:08 Bodkin Arrow
39:41 Stone Mining
43:13 Imperial Age
43:11 Heavy Plow
43:15 Town Patrol
43:20 Elite Gbeto
Connection lost

Rejoining the realm…

Still unreachable

The connection could not be restored.

Session expired

The server has moved on; the page needs a fresh start.